 Dungeon Crawl Stone Soup version 0.20.1-1-g8b1a95d (webtiles) character file.

85 OneorTwo the Digger (level 4, -6/24 HPs)
             Began as a Gargoyle Earth Elementalist on July 29, 2017.
             Mangled by SlightEye's ghost (8 damage)
             ... on level 3 of the Dungeon.
             The game lasted 00:09:26 (2059 turns).

OneorTwo the Digger (Gargoyle Earth Elementalist)   Turns: 2059, Time: 00:09:27

Health: -6/24      AC:  5    Str: 10 (11) XL:     4   Next: 48%
Magic:  0/8        EV: 17    Int: 15 (17) God:
Gold:   51         SH:  0    Dex: 14 (15) Spells: 5/9 levels left

rFire    . . .     SeeInvis .   k - +0 spear
rCold    . . .     Gourm    .   (no shield)
rNeg     + . .     Faith    .   c - +0 robe
rPois    ∞         Spirit   .   (no helmet)
rElec    +         Reflect  .   (no cloak)
rCorr    .         Harm     .   (no gloves)
MR       .....                  (no boots)
Stlth    +++.......             (no amulet)
Regen    0.1/turn               s - ring of flight
MPRegen  0.2/turn               (no ring)

@: agile, very slightly contaminated
A: negative energy resistance 1, electricity resistance, unbreathing,
petrification resistance, rot immunity, AC +3
a: Evoke Flight


You were on level 3 of the Dungeon.
You were not hungry.

You visited 1 branch of the dungeon, and saw 3 of its levels.

You collected 51 gold pieces.

Inventory:

Hand Weapons
 k - a +0 spear (weapon)
Missiles
 b - 37 stones (quivered)
 n - 15 poisoned needles
 t - 33 sling bullets
Armour
 c - a +0 robe (worn)
Jewellery
 s - a ring of flight (left hand)
Wands
 f - a wand of flame (27/48)
Scrolls
 g - a scroll of remove curse {unknown}
 j - a scroll of teleportation {unknown}
 l - 5 scrolls of identify {unknown}
 q - a scroll of magic mapping {unknown}
Potions
 o - a potion of haste {unknown}
Books
 e - a book of Geomancy

   Spells                             Type                      Level
   a - Sandblast                      Earth                        1
   b - Passwall                       Transmutation/Earth          2
   c - Stone Arrow                    Conjuration/Earth            3
   d - Petrify                        Transmutation/Earth          4
   e - Lee's Rapid Deconstruction     Earth                        5
Comestibles
 d - 2 bread rations
 h - 4 fruits
 p - 4 chunks of flesh
 r - 2 royal jellies


   Skills:
 - Level 1.5 Dodging
 - Level 2.1 Stealth
 + Level 3.1 Spellcasting
 + Level 1.4 Conjurations
   Level 0.7 Transmutations
 + Level 4.8 Earth Magic


You had 5 spell levels left.
You knew the following spells:

 Your Spells              Type           Power        Failure   Level  Hunger
a - Sandblast             Erth           ###...       2%          1    #......
b - Stone Arrow           Conj/Erth      ##....       16%         3    ###....


Dungeon Overview and Level Annotations

Branches:
Dungeon (3/15)

Altars:

Annotations:
D:3 SlightEye's ghost, amateur CeFi


Innate Abilities, Weirdness & Mutations

You are resistant to torment.
Your stone body is resilient. (AC +3)
You are immune to poison.
You resist negative energy. (rN+)
You are resistant to electric shocks. (rElec)
You can survive without breathing.
You are immune to petrification.
You are immune to rotting.


Message History

SlightEye's ghost hits you but does no damage.
It was a potion of agility.
You feel agile all of a sudden. SlightEye's ghost hits you!
* * * LOW HITPOINT WARNING * * *
You barely miss SlightEye's ghost.
SlightEye's ghost is severely damaged.
SlightEye's ghost hits you.
* * * LOW HITPOINT WARNING * * *
You hit SlightEye's ghost but do no damage.
SlightEye's ghost is severely damaged.
SlightEye's ghost barely misses you.
Casting: Sandblast
Confirm with . or Enter, or press ? or * to list all spells.
You don't have enough magic to cast that spell.
It was a potion of degeneration.
There was something very wrong with that liquid.
You feel weakened.
You feel dopey.
You feel clumsy. SlightEye's ghost hits you!
You die...

#########
########.........
#................
#................
##................
#.................
#.......#.......#
#.......†<......#.
.(..........##W@.......
................#....#.
......[............<...
.............##.#.#.###
....#.####...#.....[..
....#. #...#......#..
... #. #...#......# .
#.. #......# ..
........


You could see SlightEye's ghost.

Vanquished Creatures
  2 adders (D:2)
  An ooze (D:2)
  2 worms (D:2)
  A dart slug (D:1)
  A leopard gecko (D:1)
  A ball python (D:1)
  6 giant cockroaches (D:2)
  6 goblins
  5 hobgoblins
  2 jackals (D:2)
  2 quokkas
  3 bats
  4 frilled lizards
  10 kobolds
  6 rats
52 creatures vanquished.

Notes
Turn   | Place    | Note
-------+----------+-------------------------------------------
     0 | D:1      | OneorTwo the Gargoyle Earth Elementalist began the quest for the Orb.
     0 | D:1      | Reached XP level 1. HP: 10/10 MP: 3/3
   206 | D:1      | Reached XP level 2. HP: 15/15 MP: 3/5
   404 | D:1      | Reached skill level 4 in Earth Magic
   702 | D:2      | Reached XP level 3. HP: 19/19 MP: 2/7
   710 | D:2      | Learned a level 3 spell: Stone Arrow
   959 | D:2      | Reached skill level 1 in Conjurations
  1298 | D:2      | Reached XP level 4. HP: 24/24 MP: 6/8
  2015 | D:3      | Noticed SlightEye's ghost (amateur CeFi)
  2059 | D:3      | Mangled by SlightEye's ghost

Skill      XL: |  1  2  3  4 |
---------------+-------------+-----
Earth Magic    | 4 |  4.8
Conjurations   | 1 |  1.4
Spellcasting   | 3 |  3.1
Dodging        | |  1.5
Stealth        | |  2.1
Transmutations | |  0.7

Action                   |  1- 3 |  4- 6 || total
-------------------------+-------+-------++-------
Melee: Spear             |    28 |    53 ||    81
 Cast: Sandblast         |    44 |    16 ||    60
       Stone Arrow       |     2 |     7 ||     9
  Use: Potion            |       |     3 ||     3
  Eat: Chunk             |     2 |     3 ||     5
Armor: Robe              |    10 |    18 ||    28
Dodge: Dodged            |    31 |    31 ||    62
